 Dungeon Crawl Stone Soup version 0.30.1-11-g7821555f0a (webtiles) character file.

Game seed: 5610630529607822814

86 SacredBeard the Vexing (level 4, 0/25 HPs)
             Began as a Deep Elf Hexslinger on Oct 30, 2023.
             Slain by a cerulean imp
             ... wielding a +0 spear
             ... summoned by Natasha
              (3 damage)
             ... on level 3 of the Dungeon.
             The game lasted 00:04:12 (1826 turns).

SacredBeard the Vexing (Deep Elf Hexslinger)        Turns: 1826, Time: 00:04:13

Health: 0/25       AC:  2    Str: 10    XL:     4   Next: 26%
Magic:  7/9        EV: 13    Int: 22    God:
Gold:   126        SH:  0    Dex: 15    Spells: 4/8 levels left

rFire   . . .        p - +0 dagger
rCold   . . .        (no shield)
rNeg    . . .        q - +0 robe of Larotz {rPois Str+3 Int+4 Dex-2}
rPois   +            (no helmet)
rElec   .            (no cloak)
rCorr   .            (no gloves)
SInv    .            (no boots)
Will    .....        (no amulet)
Stlth   +            (no ring)
HPRegen 0.24/turn    (no ring)
MPRegen 0.11/turn

%: no passive effects
@: no status effects
A: no striking features
a: no special abilities


You were on level 3 of the Dungeon.
You visited 1 branch of the dungeon, and saw 3 of its levels.

You collected 126 gold pieces.

Inventory:

Hand Weapons
 a - a +1 sling
 p - a +0 dagger (weapon)
Armour
 q - the +0 robe of Larotz (worn) {rPois Str+3 Int+4 Dex-2}
   (You found it on level 3 of the Dungeon)

   Str:       It affects your strength (+3).
   Int:       It affects your intelligence (+4).
   Dex:       It affects your dexterity (-2).
   rPois:     It protects you from poison.
Scrolls
 b - a scroll of poison
 d - a scroll of immolation {unknown}
 e - 2 scrolls of fear {unknown}
 f - 5 scrolls of identify {unknown}
 g - a scroll of teleportation {unknown}
 h - a scroll of blinking {unknown}
 j - 2 scrolls of vulnerability {unknown}
 l - a scroll of noise {unknown}
Potions
 c - a potion of heal wounds {unknown}
 i - a potion of flight {unknown}
 k - a potion of mutation {unknown}
 n - a potion of curing
 o - a potion of berserk rage {unknown}


   Skills:
 - Level 1.0 Fighting
 * Level 4.2 Ranged Weapons
 - Level 1.0 Armour
 + Level 3.0 Dodging
 + Level 2.5 Spellcasting
 + Level 4.5 Hexes


You had 4 spell levels left.
You knew the following spells:

 Your Spells              Type           Power      Damage    Failure   Level
a - Slow                  Hex            88%        N/A       1%          1
b - Inner Flame           Hex/Fire       12%        N/A       16%         3

Your spell library contained the following spells:

 Spells                   Type           Power      Damage    Failure   Level
 Portal Projectile        Hex/Tloc       24%        N/A       16%         3
 Cause Fear               Hex            11%        N/A       21%         4


Dungeon Overview and Level Annotations

Branches:
Dungeon (3/15) Zot: 16145

Altars:
Xom

Annotations:
D:3 Natasha


Message History

You barely miss Natasha. Natasha barely misses you.
You closely miss Natasha.
Natasha is nearby!
You hit Natasha.
Natasha is moderately wounded.
Natasha misses you.
You barely miss Natasha.
Natasha is moderately wounded.
Natasha mumbles some strange words.
You hit Natasha.
Natasha is heavily wounded.
Natasha stares at you and mumbles some strange words.
The magic dart hits you.
You hit Natasha.
Natasha is severely wounded.
The cerulean imp hits you but does no damage.
You barely miss Natasha.
Natasha is severely wounded.
Natasha casts a spell.
The cerulean imp barely misses you.
You barely miss Natasha.
Natasha is severely wounded.
The cerulean imp hits you from afar with a +2 spear.
* * * LOW HITPOINT WARNING * * *
Natasha claws you.
* * * LOW HITPOINT WARNING * * *
You closely miss Natasha.
Natasha is severely wounded.
The cerulean imp barely misses you.
You closely miss Natasha.
Natasha is severely wounded.
The cerulean imp hits you from afar with a +0 spear.
* * * LOW HITPOINT WARNING * * *
Natasha barely misses you.
The cerulean imp hits you from afar with a +2 spear.
* * * LOW HITPOINT WARNING * * *
You barely miss Natasha.
Natasha is severely wounded.
The cerulean imp hits you from afar with a +0 spear.
You die...

... .. ... ..##
#.# .... #.#
..... #.# .....
#.# #... #####
#.# #.# #.>.
......##.####.###
#...
.....5h@.........
+...
.....5#...###.##
#... .....
###...#.# ####
.... ###.#.# ##
...
#.#.#########. ..
#............( #
###.####.#....
#.# #.#....
######.#....


You could see Natasha (slow) and 2 cerulean imps.

Vanquished Creatures
  Jessica (D:2)
  2 adders (D:2)
  4 dart slugs
  2 ball pythons
  7 endoplasms
  A giant cockroach (D:1)
  2 hobgoblins
  3 quokkas (D:1)
  2 bats (D:1)
  2 frilled lizards
  2 kobolds
  6 rats
34 creatures vanquished.

Notes
Turn   | Place    | Note
-------+----------+-------------------------------------------
     0 | D:1      | SacredBeard the Deep Elf Hexslinger began the quest for the
                  | Orb.
     0 | D:1      | Reached XP level 1. HP: 11/11 MP: 5/5
   175 | D:1      | Reached skill level 1 in Fighting
   175 | D:1      | Reached XP level 2. HP: 16/16 MP: 6/6
   237 | D:1      | Found a faded altar of an unknown god.
   763 | D:2      | Noticed Jessica
   915 | D:2      | Reached XP level 3. HP: 20/20 MP: 8/8
   919 | D:2      | Learned a level 3 spell: Inner Flame
  1301 | D:2      | Killed Jessica
  1302 | D:2      | Reached XP level 4. HP: 8/25 MP: 7/9
  1757 | D:3      | Reached skill level 1 in Armour
  1772 | D:3      | Found a shimmering altar of Xom.
  1774 | D:3      | Identified the +0 robe of Larotz {rPois Str+3 Int+4 Dex-2}
  1811 | D:3      | Noticed Natasha
  1826 | D:3      | Slain by a cerulean imp

Illustrated notes

Levels and vault maps discovered:
D:1:      sevenhm_arrival_forest_fort_small_5, layout_loops_ring,
          chequers_ecumenical_altar_grove, st_stairs_7, minmay_heptomino_l4
D:2:      layout_loops_corners, uniq_jessica
D:3:      layout_basic, mainiacjoe_overflow_boulevard, xom_teletrap_fun,
          serial_shops, nicolae_lakefront_shop, guppyfry_early_orc_mine,
          uniq_natasha

Skill      XL: |  1  2  3  4 |
---------------+-------------+-----
Ranged Weapons | 3 4 |  4.2
Fighting       | 1 |  1.0
Spellcasting   | 2 |  2.5
Dodging        | 3 |  3.0
Armour         | 1 |  1.0
Hexes          | |  4.5

Action                     |  1- 3 |  4- 6 || total
---------------------------+-------+-------++-------
  Melee: Dagger            |       |    11 ||    11
   Fire: Sling             |    81 |    14 ||    95
   Cast: Slow              |     3 |     3 ||     6
 Armour: Robe              |       |     1 ||     1
         Leather armour    |       |     1 ||     1
  Dodge: Dodged            |    14 |     7 ||    21
